 Dungeon Crawl Stone Soup version 0.31-a0-1098-g6898e6545c (webtiles) character file.

Game seed: 3766912585024661552

1654 kae the Sneak (level 8, -2/58 HPs)
             Began as a Demonspawn Enchanter on Nov 29, 2023.
             Slain by a wraith (5 damage)
             ... in an ossuary on Nov 30, 2023.
             The game lasted 00:08:02 (5496 turns).

kae the Sneak (Demonspawn Enchanter)                Turns: 5496, Time: 00:08:03

Health: -2/58      AC:  6    Str:  8    XL:     8   Next: 68%
Magic:  12/13      EV: 12    Int: 18    God:
Gold:   297        SH:  5    Dex: 15    Spells: 3/14 levels left

rFire   . . .        a - +3 dagger (freeze)
rCold   . . .        (no shield)
rNeg    . . .        b - +0 robe
rPois   .            (no helmet)
rElec   .            s - +0 cloak
rCorr   .            (no gloves)
SInv    .            w - +0 pair of boots
Will    .....        x - amulet of reflection
Stlth   +++          (no ring)
HPRegen 0.29/turn    (no ring)
MPRegen 0.13/turn

%: reflection
@: on berserk cooldown, slowed, very slow
A: claws 1, slimy green scales 1, ignite blood 2
a: no special abilities


You were in an ossuary.
You visited 1 branch of the dungeon, and saw 6 of its levels.
You also visited: Sewer and Ossuary.

You collected 330 gold pieces.
You spent 33 gold pieces at shops.


Innate Abilities, Weirdness & Mutations

You have sharp fingernails.
You are partially covered in slimy green scales. (AC +2)
Your demonic aura often causes spilled blood to erupt in flames.


   Skills:
 + Level 3.5 Fighting
 * Level 4.7 Short Blades
 - Level 1.7 Dodging
 * Level 5.8 Stealth
 + Level 3.8 Spellcasting
 + Level 4.6 Hexes
 * Level 4.4 Ice Magic


You had 3 spell levels left.
You knew the following spells:

 Your Spells              Type           Power      Damage    Failure   Level
a - Ensorcelled Hibernat  Hex/Ice        38%        N/A       3%          2
b - Confusing Touch       Hex            20%        N/A       7%          3
c - Tukima's Dance        Hex            20%        N/A       7%          3
d - Dazzling Flash        Conj/Hex       22%        N/A       17%         3

Your spell library contained the following spells:

 Spells                   Type           Power      Damage    Failure   Level
 Jinxbite                 Hex            40%        N/A       3%          2
 Magic Dart               Conj           12%        1d3       16%         1
 Searing Ray              Conj           6%         2d4       22%         2
 Gell's Gravitas          Tloc           3%         N/A       41%         3
 Teleport Other           Tloc           3%         N/A       41%         3
 Anguish                  Hex/Necr       5%         N/A       50%         4
 Fulminant Prism          Conj/Hex       5%         3d7       50%         4
 Conjure Ball Lightning   Conj/Air       1%         3x3d6     100%        6
 Dispersal                Tloc           1%         N/A       100%        6
 Maxwell's Capacitive Co  Air            1%         ∞         100%        8

Inventory:

Hand Weapons
 a - a +3 dagger of freezing (weapon)
 B - a +0 short sword of venom
   (You took it off a kobold on level 2 of the Dungeon)
Missiles
 f - 4 darts of dispersal {=f!f}
 g - 23 poisoned darts
 h - a curare-tipped dart {=f}
 j - 51 stones
 t - 3 silver javelins
 F - 2 boomerangs
Armour
 b - a +0 robe (worn)
 s - a +0 cloak (worn)
   (You found it on level 3 of the Dungeon)
 w - a +0 pair of boots (worn)
   (You found it on level 2 of the Dungeon)
Jewellery
 x - an amulet of reflection (around neck)
   (You found it on level 2 of the Dungeon)
Wands
 v - a wand of quicksilver (7)
   (You found it on level 3 of the Dungeon)
 G - a wand of mindburst (15)
   (You found it on level 5 of the Dungeon)
Scrolls
 e - 4 scrolls of immolation {!r!r}
 i - 4 scrolls of noise {!r}
 y - 2 scrolls of fog
 D - 2 scrolls of identify {@r1}
 H - a scroll of vulnerability {unknown}
 I - 2 scrolls of teleportation {@r4}
Potions
 c - 2 potions of invisibility
 d - 2 potions of enlightenment
 k - a potion of ambrosia {unknown}
 l - 2 potions of experience {unknown}
 m - 5 potions of might {unknown}
 o - a potion of cancellation
 p - 2 potions of brilliance {unknown}
 q - a potion of resistance {unknown}
 r - 2 potions of lignification {unknown}
 u - 2 potions of curing {unknown}
 z - a potion of magic
 A - a potion of degeneration {!q}
 C - a potion of mutation {unknown}
 E - a potion of attraction {unknown}

Dungeon Overview and Level Annotations

Branches:
Dungeon (6/15) Zot: 26861   Sewer (visited)         Ossuary (1/1) Zot: 5749
 Temple: D:4-7

Altars:
Gozag
Nemelex Xobeh
Uskayaw

Shops:
D:1 ?*

Annotations:
D:2 1 runed translucent door, Crazy Yiuf

.## ...##### ..##
.##...##...## .
##.!!?.##...# ..
#..!!!?.#...+
...##...!.##...#
#...##...##...# .
#...##W##...# ...
#.....@...##
....#####'#####..
.................
.................
########'''######
####...####
#..'...'..#
#..#...#..#
####...####


You could see a wraith.


Message History

The wraith hits you. The wraith drains your vigour!
You feel as though you will be slow longer. 😮 HP[-2]
You take 2 damage, and now have 37/58 hp.
Unknown command.
You hit the wraith but do no damage. The wraith hits you.
The wraith drains your vigour!
You feel as though you will be slow longer. 😮 HP[-4]
You take 4 damage, and now have 33/58 hp.
You hit the wraith but do no damage. The wraith hits you.
The wraith hits you but does no damage. 😮 HP[-3]
You take 3 damage, and now have 30/58 hp.
You hit the wraith but do no damage.
The wraith hits you but does no damage. 😮 MP[+1]
You hit the wraith but do no damage. The wraith hits you!
* * * LOW HITPOINT WARNING * * *
The wraith drains your vigour!
You feel as though you will be slow longer. 😨 HP[-8]
You take 8 damage, and now have 22/58 hp.
Unknown command.
Casting: Confusing Touch (dangerous; 7% risk of failure)
Confirm with . or Enter, or press ? or * to list all spells.
Your claws begin to glow red.
The wraith misses you. The wraith hits you but does no damage.
You block the wraith's attack. 😨 HP[+1] MP[-3]
You lost 3 mp, and now have 9/13 mp.
You hit the wraith but do no damage. The wraith hits you.
* * * LOW HITPOINT WARNING * * *
Unknown command. 😨 HP[-2]
You take 2 damage, and now have 21/58 hp.
You completely miss the wraith. The wraith hits you!
* * * LOW HITPOINT WARNING * * *
The wraith drains your vigour!
You feel as though you will be slow longer.
Unknown command. 😱 HP[-11]
You take 11 damage, and now have 10/58 hp.
You hit the wraith but do no damage.
The wraith barely misses you. 😱 HP[+1] MP[+1] Unknown command.
A red film seems to cover your vision as you go berserk!
You feel yourself moving faster!
You feel mighty! You block the wraith's attack. The wraith hits you.
* * * LOW HITPOINT WARNING * * *
The wraith drains your vigour!
You feel as though you will be slow longer. 😱 HP[+1]
You now have 87 max hp (+29).
You completely miss the wraith. The wraith hits you but does no damage.
You hit the wraith but do no damage. The wraith closely misses you.
Unknown command.
You hit the wraith but do no damage. You hit the wraith but do no damage.
The wraith hits you but does no damage. 😱 HP[+1]
You closely miss the wraith.
Your claws stop glowing.
You block the wraith's attack.
You hit the wraith. The wraith hits you.
* * * LOW HITPOINT WARNING * * *
The wraith drains your vigour!
You feel as though you will be slow longer. 😱 HP[-1]
You take 1 damage, and now have 12/87 hp.
You hit the wraith but do no damage. You hit the wraith. The wraith hits you.
* * * LOW HITPOINT WARNING * * *
The wraith drains your vigour!
You feel as though you will be slow longer. 😱 HP[-1] MP[+1]
You take 1 damage, and now have 11/87 hp.
You hit the wraith but do no damage. The wraith barely misses you.
You hit the wraith. The wraith misses you.
You puncture the wraith! You freeze the wraith.
The wraith completely misses you. 😱 HP[+1]
You barely miss the wraith. You closely miss the wraith.
The wraith closely misses you.
You closely miss the wraith. The wraith hits you!
* * * LOW HITPOINT WARNING * * *
😱 HP[-10]
You take 10 damage, and now have 2/87 hp.
You hit the wraith but do no damage.
You are no longer berserk.
You are exhausted.
You feel as though you will be slow longer.
The wraith barely misses you.
You now have 58 max hp (-29).
You hit the wraith. The wraith closely misses you.
You barely miss the wraith. The wraith closely misses you. 😱 MP[+1]
You closely miss the wraith.
The wraith barely misses you. 😱 HP[+1] Unknown command.
You closely miss the wraith. The wraith misses you.
You hit the wraith but do no damage. The wraith hits you.
You die...

Skill      XL: |  1  2  3  4  5  6  7  8 |
---------------+-------------------------+-----
Short Blades   | 1 2 3 4 |  4.7
Stealth        | 3 4 5 |  5.8
Ice Magic      | 1 2 3 4 |  4.4
Fighting       | 1 2 3 |  3.5
Spellcasting   | 3 |  3.8
Hexes          | 4 |  4.6
Dodging        | |  1.7

Action                     |  1- 3 |  4- 6 |  7- 9 || total
---------------------------+-------+-------+-------++-------
  Melee: Dagger            |   103 |   124 |   213 ||   440
         Punch             |     1 |     1 |     1 ||     3
   Cast: Ensorcelled Hiber |     7 |    19 |    19 ||    45
         Confusing Touch   |       |       |     4 ||     4
    Use: Scroll            |     3 |     3 |     7 ||    13
         Potion            |     2 |       |     1 ||     3
   Stab: Sleeping          |    13 |    10 |    21 ||    44
         Invisible         |     2 |     2 |       ||     4
         Confused          |       |       |     2 ||     2
 Armour: Robe              |    48 |    60 |    96 ||   204
  Dodge: Dodged            |    71 |    65 |    74 ||   210
  Block: Other             |       |       |    32 ||    32

Levels and vault maps discovered:
D:1:      giann_forest_graveyard, layout_loops_corners, serial_shops, shop, shop
D:2:      layout_rooms, hellmonk_ecumenical_altar_pennies_from_heaven,
          minivault_19, uniq_crazy_yiuf_cottage, uniq_sigmund
D:3:      layout_basic, mainiacjoe_overflow_brackets, portal_sewer_entry_f,
          minmay_misc_feat_columns, minmay_crystal_room, minmay_close_crescents
D:4:      layout_loops_ring, grunt_temple_overflow_open
D:5:      lemuel_ice_spiral_2, layout_basic
D:6:      kennysheep_kobold_camp, layout_basic, mainiacjoe_overflow_boulevard,
          mainiacjoe_ossuary_entry_find_the_door
Ossuary:  ossuary_due_mausoleum

Notes
Turn   | Place    | Note
-------+----------+-------------------------------------------
     0 | D:1      | kae the Demonspawn Enchanter began the quest for the Orb.
     0 | D:1      | Reached XP level 1. HP: 13/13 MP: 3/3
     0 | D:1      | magus.rc [v1.11.3]
    23 | D:1      | Found Qoovu's General Store.
    85 | D:1      | Reached skill level 1 in Short Blades
   358 | D:1      | Found Bipi's Magic Scroll Shop.
   374 | D:1      | Bought a scroll of identify for 22 gold pieces
   374 | D:1      | Bought a scroll of noise for 11 gold pieces
   416 | D:1      | HP: 3/13 [hobgoblin (5)]
   551 | D:1      | Gained mutation: Your demonic aura sometimes causes spilled
                  | blood to erupt in flames. [demonic ancestry]
   551 | D:1      | Reached XP level 2. HP: 19/19 MP: 5/5
   554 | D:1      | Learned a level 2 spell: Ensorcelled Hibernation
   833 | D:2      | Found a faded altar of an unknown god.
   834 | D:2      | You add the spells Conjure Ball Lightning and Maxwell's
                  | Capacitive Coupling to your library.
   834 | D:2      | Got the Discourse on Feathers
   883 | D:2      | Noticed Sigmund
   920 | D:3      | Reached skill level 3 in Stealth
  1004 | D:3      | HP: 2/20 [worm (5)]
  1010 | D:3      | Gained mutation: You are partially covered in slimy green
                  | scales. (AC +2) [demonic ancestry]
  1010 | D:3      | Reached XP level 3. HP: 4/25 MP: 4/6
  1023 | D:3      | HP: 6/25 [ball python (1)]
  1065 | D:3      | Reached skill level 1 in Ice Magic
  1090 | D:3      | Found a glowing drain.
  1144 | Sewer    | Entered a sewer
  1158 | Sewer    | Noticed a kobold brigand
  1159 | Sewer    | Noticed a kobold brigand
  1173 | Sewer    | HP: 6/25 [poisoned by a kobold brigand (curare-tipped
                  | dart)]
  1179 | Sewer    | Killed a kobold brigand
  1180 | Sewer    | Reached skill level 1 in Fighting
  1180 | Sewer    | Reached skill level 2 in Short Blades
  1180 | Sewer    | Reached XP level 4. HP: 21/32 MP: 7/7
  1184 | Sewer    | Killed a kobold brigand
  1185 | Sewer    | Gained mutation: Your demonic aura often causes spilled
                  | blood to erupt in flames. [demonic ancestry]
  1185 | Sewer    | Reached XP level 5. HP: 19/37 MP: 8/8
  1194 | Sewer    | Reached skill level 2 in Ice Magic
  1297 | Sewer    | Learned a level 3 spell: Confusing Touch
  1301 | Sewer    | Learned a level 3 spell: Tukima's Dance
  1616 | Sewer    | Reached skill level 4 in Stealth
  1616 | Sewer    | Gained mutation: You have sharp fingernails. [demonic
                  | ancestry]
  1616 | Sewer    | Reached XP level 6. HP: 21/44 MP: 4/10
  2138 | Sewer    | Reached skill level 2 in Fighting
  2310 | D:3      | Upgraded the game from 0.31-a0-1096-g246cf0196b to
                  | 0.31-a0-1098-g6898e6545c
  2310 | D:3      | magus.rc [v1.11.3]
  2310 | D:3      | magus.rc [v1.11.3]
  2362 | D:3      | You pick up a book of Conjurations and begin reading...
  2362 | D:3      | You add the spells Magic Dart, Searing Ray and Fulminant
                  | Prism to your library.
  2515 | D:3      | Reached skill level 3 in Short Blades
  2521 | D:3      | Found an opulent altar of Gozag.
  2716 | D:2      | Killed Sigmund
  2717 | D:2      | Reached skill level 3 in Spellcasting
  2717 | D:2      | Reached skill level 3 in Ice Magic
  2717 | D:2      | Reached XP level 7. HP: 50/50 MP: 8/11
  2751 | D:2      | You pick up a book of Dreams and begin reading...
  2751 | D:2      | You add the spells Jinxbite and Anguish to your library.
  3163 | D:2      | Found a runed translucent door.
  3164 | D:2      | Noticed Crazy Yiuf
  3496 | D:4      | You pick up a book of Dreams and begin reading...
  3709 | D:4      | Found a hide-covered altar of Uskayaw.
  3718 | D:4      | Reached skill level 4 in Hexes
  3934 | D:4      | Found a sparkling altar of Nemelex Xobeh.
  4104 | D:4      | Learned a level 3 spell: Dazzling Flash
  4126 | D:5      | Entered Level 5 of the Dungeon
  4286 | D:5      | Reached skill level 5 in Stealth
  4402 | D:5      | Reached XP level 8. HP: 57/57 MP: 9/13
  4410 | D:5      | Reached skill level 4 in Short Blades
  4677 | D:5      | Reached skill level 3 in Fighting
  4971 | D:5      | You add the spells Gell's Gravitas, Teleport Other and
                  | Dispersal to your library.
  5020 | D:5      | Reached skill level 4 in Ice Magic
  5220 | D:6      | Found a sand-covered staircase.
  5238 | Ossuary  | Entered an ossuary
  5474 | Ossuary  | HP: 10/58 [wraith (11)]
  5482 | Ossuary  | HP: 12/87 [wraith (1)]
  5490 | Ossuary  | HP: 2/87 [wraith (10)]
  5496 | Ossuary  | Slain by a wraith

Vanquished Creatures
  Sigmund (D:2)
  A steam dragon (D:6)
  2 water moccasins (D:5)
  An orc warrior (D:6)
  An ogre (D:5)
  4 kobold brigands (Sewer)
  A bullfrog (D:4)
  3 scorpions
  A hound (D:5)
  A jelly (D:5)
  An orc priest (D:3)
  A scorpion zombie (D:6)
  4 orc wizards (D:6)
  A mummy (Ossuary)
  8 adders
  A howler monkey skeleton (D:6)
  2 river rats (Sewer)
  A worm (D:3)
  A dart slug (D:3)
  22 orcs
  4 endoplasms
  4 giant cockroaches
  4 goblins
  8 hobgoblins
  3 jackals (Sewer)
  12 kobolds
  5 quokkas
  12 ball pythons
  A bat (D:3)
  6 frilled lizards
  4 kobold skeletons (Ossuary)
  5 orc skeletons (Ossuary)
  5 rats
131 creatures vanquished.

Vanquished Creatures (others)
  A jackal (Sewer)
1 creature vanquished.

Grand Total: 132 creatures vanquished

Table legend:
 A = Non-vault XP
 B = Vault XP
 C = Vault XP percentage of total XP
 D = Non-vault monster count
 E = Vault monster count
 F = Vault count percentage of total count
                 A         B        C        D         E       F
            +---------+---------+-------+---------+---------+-------
      Total |    1561 |     802 |  33.9 |      82 |      49 |  37.4
            +---------+---------+-------+---------+---------+-------
        D:1 |      17 |       0 |   0.0 |      11 |       0 |   0.0
        D:2 |      18 |     226 |  92.6 |      11 |       1 |   8.3
        D:3 |     124 |      16 |  11.4 |      20 |       8 |  28.6
        D:4 |     221 |       0 |   0.0 |      16 |       0 |   0.0
        D:5 |     689 |       0 |   0.0 |      14 |       0 |   0.0
        D:6 |     492 |      50 |   9.2 |      10 |       2 |  16.7
      Sewer |       0 |     483 | 100.0 |       0 |      28 | 100.0
    Ossuary |       0 |      27 | 100.0 |       0 |      10 | 100.0
            +---------+---------+-------+---------+---------+-------

Skill      XL: |  1  2  3  4  5  6  7  8 |
---------------+-------------------------+-----
Short Blades   | 1 2 3 4 |  4.7
Stealth        | 3 4 5 |  5.8
Ice Magic      | 1 2 3 4 |  4.4
Fighting       | 1 2 3 |  3.5
Spellcasting   | 3 |  3.8
Hexes          | 4 |  4.6
Dodging        | |  1.7

Action                     |  1- 3 |  4- 6 |  7- 9 || total
---------------------------+-------+-------+-------++-------
  Melee: Dagger            |   103 |   124 |   213 ||   440
         Punch             |     1 |     1 |     1 ||     3
   Cast: Ensorcelled Hiber |     7 |    19 |    19 ||    45
         Confusing Touch   |       |       |     4 ||     4
    Use: Scroll            |     3 |     3 |     7 ||    13
         Potion            |     2 |       |     1 ||     3
   Stab: Sleeping          |    13 |    10 |    21 ||    44
         Invisible         |     2 |     2 |       ||     4
         Confused          |       |       |     2 ||     2
 Armour: Robe              |    48 |    60 |    96 ||   204
  Dodge: Dodged            |    71 |    65 |    74 ||   210
  Block: Other             |       |       |    32 ||    32

Illustrated notes

Table legend:
 A = Kills in this place as a percentage of kills in the entire game.
 B = Kills by you in this place as a percentage of kills by you in the entire game.
 C = Kills by friends in this place as a percentage of kills by friends in the entire game.
 D = Other kills in this place as a percentage of other kills in the entire game.
 E = Experience gained in this place as a percentage of experience gained in the entire game.
 F = Experience gained in this place divided by the number of levels of this place that you have seen.
                   A       B       C       D       E      F
               +-------+-------+-------+-------+-------+----------------------
         Total | 100.0 | 100.0 |   N/A |   N/A | 100.0 | 295.4
       Dungeon |  71.0 |  71.0 |   N/A |   N/A |  78.4 | 308.8
         Sewer |  21.4 |  21.4 |   N/A |   N/A |  20.4 | 483.0
       Ossuary |   7.6 |   7.6 |   N/A |   N/A |   1.1 |  27.0
               +-------+-------+-------+-------+-------+----------------------

Table legend: (Time is in decaauts)
 A = Elapsed time spent in this place.
 B = Non-inter-level travel time spent in this place.
 C = Inter-level travel time spent in this place.
 D = Time resting spent in this place.
 E = Time spent auto-exploring this place.
 F = Levels seen in this place.
 G = Mean time per level.
                   A        B        C        D        E       F      G
               +--------+--------+--------+--------+--------+-----+--------+
         Total |   5608 |   5488 |    120 |     68 |   4194 |   8 |  701.0 |
       Dungeon |   4092 |   3972 |    120 |      0 |   3131 |   6 |  682.0 |
         Sewer |   1267 |   1267 |      0 |      9 |    977 |   1 | 1267.0 |
       Ossuary |    249 |    249 |      0 |     59 |     86 |   1 |  249.0 |
               +--------+--------+--------+--------+--------+-----+--------+

Top non-repeatable levels by time:
   Sewer: 1267 daAuts
     D:5: 958 daAuts
     D:1: 807 daAuts
     D:4: 789 daAuts
     D:2: 735 daAuts
     D:3: 662 daAuts
 Ossuary: 249 daAuts
     D:6: 138 daAuts
